 Dungeon Sprint DCSS version 0.21-a0-72-gbbb65ab (webtiles) character file.

6350 Kidiri the Fighter (level 10, 0/94 HPs)
             Began as a Black Draconian Transmuter on June 20, 2017.
             Was a High Priest of Wu Jian.
             Slain by an orange demon (13 damage)
             ... in the Dungeon (Sprint VII: "The Pits").
             The game lasted 00:10:27 (1310 turns).

Kidiri the Fighter (Black Draconian Transmuter)     Turns: 1310, Time: 00:10:29

Health: 0/94       AC: 11    Str: 13    XL:     10   Next: 65%
Magic:  10/23      EV: 19    Int: 15    God:    Wu Jian [*****.]
Gold:   0          SH:  0    Dex: 16    Spells: 13/28 levels left

rFire    . . .     SeeInvis .     - Unarmed
rCold    . . .     Gourm    .   (shield currently unavailable)
rNeg     . . .     Faith    .   (armour unavailable)
rPois    .         Spirit   .   (helmet restricted)
rElec    +         Reflect  .   (no cloak)
rCorr    .         Harm     .   (gloves currently unavailable)
MR       .....     NoTele   +   u - +0 pair of boots
Stlth    ++........             (no amulet)
HPRegen  0.25/turn              q - +3 ring of dexterity
MPRegen  0.18/turn              r - +3 ring of protection

@: exhausted, blade hands, glowing, heavenly storm
A: breathe lightning, unfitting armour, electricity resistance, cold-blooded, AC
+7
a: Breathe Lightning, End Transformation, Serpent's Lash, Heavenly Storm,
Renounce Religion


You were in the Dungeon.
You worshipped Wu Jian.
Wu Jian was extremely pleased with you.
You were very full.
You had blades for hands.
You visited 1 branch

Inventory:

Missiles
 a - 26 arrows
Armour
 u - a +0 pair of boots (worn)
 v - a +0 pair of gloves (melded)
Jewellery
 q - a +3 ring of dexterity (left scythe-like blade)
 r - a +3 ring of protection (right scythe-like blade)
Scrolls
 i - a scroll of blinking
 k - 3 scrolls of remove curse
 l - 5 scrolls of amnesia
 m - a scroll of summoning
Potions
 d - 8 potions of curing
 e - 5 potions of heal wounds
 f - a potion of haste
 g - 4 potions of magic
 h - 6 potions of berserk rage
 j - 2 potions of invisibility
 s - 2 potions of agility
 t - a potion of mutation
Books
 b - a book of Changes

   Spells                             Type                      Level
   a - Beastly Appendage              Transmutation                1
   b - Sticks to Snakes               Transmutation                2
   c - Spider Form                    Transmutation/Poison         3
   d - Ice Form                       Ice/Transmutation            4
   e - Blade Hands                    Transmutation                5
Comestibles
 c - 8 bread rations
 n - 29 fruits
 o - 7 meat rations
 p - 11 chunks of flesh


   Skills:
 * Level 10.8 Fighting
 * Level 9.4 Dodging
 * Level 10.0 Stealth
 * Level 10.4 Unarmed Combat
 * Level 9.5 Spellcasting
 * Level 10.1 Transmutations
 + Level 6.2 Ice Magic
 + Level 6.5 Poison Magic


You had 13 spell levels left.
You knew the following spells:

 Your Spells              Type           Power        Failure   Level  Hunger
a - Beastly Appendage     Tmut           #####.       8%          1    None
b - Spider Form           Tmut/Pois      ####......   16%         3    #......
c - Ice Form              Ice/Tmut       ####....     28%         4    ###....
d - Blade Hands           Tmut           #####.....   30%         5    #####..
e - Sticks to Snakes      Tmut           #####...     9%          2    None


Dungeon Overview and Level Annotations

Branches:
Dungeon (1/1)

Altars:
Ashenzari
Cheibriados
Dithmenos
Elyvilon
Fedhas
Gozag
Hepliaklqana
Kikubaaqudgha
Makhleb
Nemelex Xobeh
Okawaru
Qazlal
Ru
Sif Muna
Trog
Uskayaw
Vehumet
Wu Jian
Xom
Yredelemnul
Zin
The Shining One
Beogh
Jiyva
Lugonu


Innate Abilities, Weirdness & Mutations

You can breathe wild blasts of lightning.
Your glossy black scales are hard. (AC +7)
You cannot fit into any form of body armour.
You are resistant to electric shocks. (rElec)
You are cold-blooded and may be slowed by cold attacks.


Message History

You lunge with incredible momentum at the dream sheep.
You shred the dream sheep!!!
You kill the dream sheep!
The Council accepts your kill.
ZOOOM!
Unknown command.
You spin and attack the tyrant leech.
You slash the tyrant leech!
The tyrant leech is moderately wounded.
The orange demon misses you. The tyrant leech bites you!!
* * * LOW HITPOINT WARNING * * *
The tyrant leech draws strength from your injuries!
Unknown command.
You feel much better. The orange demon misses you.
The air is filled with shimmering golden clouds!
Sifu Gene Jian Bin says: The storm will not cease as long as you keep fighting, disciple!
The tyrant leech bites you!!
* * * LOW HITPOINT WARNING * * *
The tyrant leech draws strength from your injuries!
The orange demon stings you from afar!
You die...

##### ###########
##########
...'..'...###........
...'..'.....##......
..##..##.....##....#
###....###....#.h..#
#........###.###{4#
...#..#...#.%÷§#§§#
).........+...§§@§+
...#..#...#.÷.§#wY#
#..))....###.###YW#
###....###..).#.Y..#
..##..##.....##....#
...+..+.....##......
...+..+...###........
###########
##########


You could see an eidolon, a tyrant leech, an orange demon and 2 dream sheep.

Vanquished Creatures
  A flayed ghost (D)
  An unseen horror (D)
  2 deep elf magi (D)
  Psyche (D)
  A gargoyle (D)
  6 dream sheep (D)
  A flying skull (D)
  A ynoxinul (D)
  A spriggan (D)
  A fire elemental (D)
  4 yaks (D)
  2 wargs (D)
  An acid dragon (D)
  A porcupine (D)
  A floating eye (D)
  A swamp drake (D)
  2 phantoms (D)
  A centaur (D)
  4 bullfrogs (D)
  A scorpion (D)
  9 killer bees (D)
  A crimson imp (D)
  A hound (D)
  An iron imp (D)
  A hell rat (D)
  A worker ant (D)
  An adder (D)
  A gnoll (D)
  2 ball pythons (D)
  A giant cockroach (D)
  A goblin (D)
  A bat (D)
  2 kobolds (D)
  2 rats (D)
59 creatures vanquished.

Notes
Turn   | Place    | Note
-------+----------+-------------------------------------------
     0 | D        | Kidiri the Draconian Transmuter began the quest for the Orb.
     0 | D        | Reached XP level 1. HP: 16/16 MP: 3/3
    67 | D        | Found a bloodstained altar of Trog.
    67 | D        | Found a deep blue altar of Sif Muna.
    67 | D        | Found a viscous altar of Jiyva.
    67 | D        | Found a hazy altar of Hepliaklqana.
    67 | D        | Found an opulent altar of Gozag.
    68 | D        | Found a glowing golden altar of the Shining One.
    68 | D        | Found a glowing silver altar of Zin.
    68 | D        | Found a basalt altar of Yredelemnul.
    68 | D        | Found a shimmering altar of Xom.
    68 | D        | Found an ornate altar of the Wu Jian Council.
    68 | D        | Found a sacrificial altar of Ru.
    68 | D        | Found a stormy altar of Qazlal.
    68 | D        | Found an iron altar of Okawaru.
    68 | D        | Found a sparkling altar of Nemelex Xobeh.
    68 | D        | Found a burning altar of Makhleb.
    68 | D        | Found a blossoming altar of Fedhas.
    68 | D        | Found a white marble altar of Elyvilon.
    68 | D        | Found a shadowy altar of Dithmenos.
    68 | D        | Found a snail-covered altar of Cheibriados.
    70 | D        | Found a radiant altar of Vehumet.
    70 | D        | Found a corrupted altar of Lugonu.
    70 | D        | Found a roughly hewn altar of Beogh.
    71 | D        | Found a hide-covered altar of Uskayaw.
    71 | D        | Found an ancient bone altar of Kikubaaqudgha.
    71 | D        | Found a shattered altar of Ashenzari.
    77 | D        | Became a worshipper of the Wu Jian Council
    94 | D        | Noticed a worker ant
    94 | D        | Noticed a floating eye
   100 | D        | Killed a worker ant
   100 | D        | Reached skill level 1 in Stealth
   100 | D        | Reached XP level 2. HP: 25/25 MP: 1/5
   103 | D        | Killed a floating eye
   103 | D        | Reached XP level 3. HP: 33/33 MP: 1/8
   103 | D        | Reached XP level 4. HP: 40/40 MP: 1/10
   115 | D        | Learned a level 3 spell: Spider Form
   120 | D        | Learned a level 4 spell: Ice Form
   239 | D        | Reached * piety under Wu Jian
   253 | D        | Reached ** piety under Wu Jian
   253 | D        | Reached skill level 5 in Unarmed Combat
   253 | D        | Reached XP level 5. HP: 47/47 MP: 9/11
   318 | D        | Noticed a flying skull
   323 | D        | Noticed a centaur
   328 | D        | Reached *** piety under Wu Jian
   328 | D        | Reached skill level 5 in Fighting
   328 | D        | Reached skill level 5 in Transmutations
   328 | D        | Reached skill level 1 in Ice Magic
   328 | D        | Reached skill level 1 in Poison Magic
   338 | D        | Killed a flying skull
   338 | D        | Reached skill level 5 in Dodging
   338 | D        | Reached skill level 5 in Stealth
   338 | D        | Reached skill level 5 in Spellcasting
   338 | D        | Reached XP level 6. HP: 55/57 MP: 0/14
   342 | D        | Reached **** piety under Wu Jian
   438 | D        | Noticed Psyche
   439 | D        | Killed Psyche
   439 | D        | Your scales start taking on a glossy black colour.
   439 | D        | Reached XP level 7. HP: 66/66 MP: 10/16
   439 | D        | Gained mutation: You are resistant to electric shocks. (rElec) [Black Draconian growth]
   443 | D        | Reached ***** piety under Wu Jian
   447 | D        | Reached XP level 8. HP: 73/73 MP: 11/18
   480 | D        | Learned a level 5 spell: Blade Hands
   599 | D        | Learned a level 2 spell: Sticks to Snakes
   824 | D        | Noticed a dream sheep
   824 | D        | Noticed a dream sheep
   825 | D        | Noticed a dream sheep
   826 | D        | Noticed a dream sheep
   831 | D        | Killed a dream sheep
   831 | D        | Killed a dream sheep
   831 | D        | Reached XP level 9. HP: 64/82 MP: 14/20
   832 | D        | Noticed a deep elf mage
   832 | D        | Noticed a deep elf mage
   834 | D        | Reached skill level 5 in Ice Magic
   834 | D        | Reached skill level 5 in Poison Magic
   841 | D        | HP: 3/83 [deep elf mage/bolt of magma (17)]
   843 | D        | Killed a deep elf mage
   844 | D        | Killed a deep elf mage
  1091 | D        | Noticed a flayed ghost
  1093 | D        | Noticed a gargoyle
  1093 | D        | Killed a flayed ghost
  1093 | D        | Reached skill level 10 in Fighting
  1093 | D        | Reached XP level 10. HP: 93/93 MP: 16/22
  1100 | D        | Noticed an unseen horror
  1104 | D        | Killed an unseen horror
  1104 | D        | Reached skill level 10 in Unarmed Combat
  1105 | D        | Killed a gargoyle
  1109 | D        | Reached ****** piety under Wu Jian
  1109 | D        | Reached skill level 10 in Transmutations
  1305 | D        | Noticed an orange demon
  1305 | D        | Noticed an eidolon
  1306 | D        | Reached skill level 10 in Stealth
  1310 | D        | Slain by an orange demon

Vault maps used:
D:        pitsprint

Skill      XL: |  1  2  3  4  5  6  7  8  9 10 |
---------------+-------------------------------+-----
Fighting       | 2 4 6 7 8 10 | 10.8
Dodging        | 2 3 4 5 6 7 8 9 |  9.4
Stealth        | 1 3 4 5 6 7 9 10 | 10.0
Unarmed Combat | 4 5 6 7 8 9 10 | 10.4
Spellcasting   | 4 5 6 7 8 9 |  9.5
Transmutations | 4 5 6 7 8 9 10 | 10.1
Ice Magic      | 2 3 4 5 6 |  6.2
Poison Magic   | 2 3 4 5 6 |  6.5

Action                   |  1- 3 |  4- 6 |  7- 9 | 10-12 || total
-------------------------+-------+-------+-------+-------++-------
Melee: Unarmed           |     6 |    28 |    57 |    28 ||   119
       Tailslap          |     1 |       |       |     1 ||     2
       Kick              |     1 |       |       |       ||     1
       Punch             |       |       |     2 |     2 ||     4
 Cast: Beastly Appendage |     2 |       |       |       ||     2
       Spider Form       |       |     2 |       |       ||     2
       Ice Form          |       |     2 |       |       ||     2
       Blade Hands       |       |       |     5 |     1 ||     6
Invok: Heavenly Storm    |       |       |     3 |     2 ||     5
       Serpent's Lash    |       |       |     2 |     1 ||     3
 Abil: Breathe Lightning |       |       |     2 |       ||     2
  Use: Potion            |     1 |     1 |     1 |     1 ||     4
 Stab: Sleeping          |     1 |     4 |     2 |       ||     7
  Eat: Fruit             |       |       |    11 |       ||    11
       Chunk             |       |       |     1 |       ||     1
Armor: Skin              |     1 |     1 |     6 |     1 ||     9
Dodge: Dodged            |     2 |    21 |    34 |    13 ||    70
